 Dungeon Crawl Stone Soup version 0.22.1-2-g9c5b331 (webtiles) character file.

642 HerrDoktor the Cudgeler (level 7, -4/43 HPs)
             Began as a Gargoyle Fighter on Dec 25, 2018.
             Was an Initiate of the Shining One.
             Slain by an orc warrior
             ... wielding a +0 halberd
              (16 damage)
             ... on level 6 of the Dungeon.
             The game lasted 00:18:50 (4720 turns).

HerrDoktor the Cudgeler (Gargoyle Fighter)          Turns: 4720, Time: 00:18:52

Health: -4/43      AC: 14    Str: 20    XL:     7   Next: 51%
Magic:  7/7        EV:  8    Int:  9    God:    the Shining One [......]
Gold:   284        SH:  9    Dex: 10    Spells: 6/6 levels left

rFire    . . .     SeeInvis .   a - +0 flail
rCold    . . .     Gourm    .   c - +0 shield
rNeg     + . .     Faith    .   s - +0 ring mail of Qudiyric {Stlth+}
rPois    ∞         Spirit   .   (no helmet)
rElec    +         Reflect  .   (no cloak)
rCorr    .         Harm     .   h - +0 pair of gloves
MR       .....                  q - +1 pair of boots
Stlth    +.........             (no amulet)
HPRegen  0.14/turn              p - ring of wizardry
MPRegen  0.10/turn              (no ring)

@: glowing
A: negative energy resistance 1, electricity resistance, unbreathing,
petrification resistance, rot immunity, AC +4
a: Renounce Religion


You were on level 6 of the Dungeon.
You worshipped the Shining One.
The Shining One was noncommittal.
You were not hungry.

You visited 1 branch of the dungeon, and saw 6 of its levels.

You collected 284 gold pieces.

Inventory:

Hand Weapons
 a - a +0 flail (weapon)
Missiles
 n - 5 tomahawks (quivered)
Armour
 c - a +0 shield (worn)
 h - a +0 pair of gloves (worn)
 i - a +0 ring mail
 l - a +0 pair of boots
 q - a +1 pair of boots (worn)
 r - a +0 plate armour
 s - the +0 ring mail of Qudiyric (worn) {Stlth+}
   (You found it on level 5 of the Dungeon)

   It makes you more stealthy.
Jewellery
 p - a ring of wizardry (left hand)
Scrolls
 b - a scroll of remove curse
 m - 4 scrolls of teleportation
 u - a scroll of fear {unknown}
Potions
 d - 5 potions of might
 e - 4 potions of curing
 g - 2 potions of cancellation
 j - a potion of agility {unknown}
 k - 3 potions of heal wounds
 o - 2 potions of ambrosia
 t - a potion of lignification {unknown}
 v - a potion of brilliance {unknown}
Comestibles
 f - 8 rations


   Skills:
 + Level 4.2 Fighting
 * Level 6.5 Maces & Flails
 + Level 4.3 Armour
 + Level 4.8 Shields


You had 6 spell levels left.
You didn't know any spells.
Your spell library was empty.

Dungeon Overview and Level Annotations

Branches:
Dungeon (6/15)
 Temple: D:4-7

Altars:
Elyvilon
Trog
Wu Jian
The Shining One


Innate Abilities, Weirdness & Mutations

You are resistant to torment.
Your stone body is resilient. (AC +4)
You are immune to poison.
You resist negative energy. (rN+)
You are resistant to electric shocks. (rElec)
You can survive without breathing.
You are immune to petrification.
You are immune to rotting.


Message History

The orc warrior hits you but does no damage.
You barely miss the orc warrior. The orc warrior closely misses you. x2
You hit the orc warrior but do no damage.
You hit the orc warrior.
The orc warrior is lightly wounded.
You block the orc warrior's attack.
You closely miss the orc warrior.
The orc warrior is lightly wounded.
The orc warrior hits you with a halberd!
You closely miss the orc warrior.
The orc warrior is lightly wounded.
You block the orc warrior's attack.
You hit the orc warrior but do no damage.
The orc warrior is lightly wounded.
The orc warrior hits you with a halberd!!
* * * LOW HITPOINT WARNING * * *
You are too injured to fight recklessly!
You are too injured to fight recklessly!
The orc warrior hits you from afar with a halberd!
You die...

.# ###.####
#......#
#.#.#..#
#......#
#.#....#
#.<....##
#.).....#
#o)@...##
...........#
.....?##.#.#
###### .#...
.# ### .. ##


You could see an orc warrior.

Vanquished Creatures
  A phantom (D:5)
  A centaur (D:5)
  A howler monkey (D:5)
  A crimson imp (D:5)
  A centaur zombie (D:5)
  2 jellies (D:5)
  2 hounds
  An iguana (D:5)
  Jessica (D:3)
  A worker ant (D:5)
  A killer bee zombie (D:5)
  A hound skeleton (D:4)
  A worker ant zombie (D:5)
  2 adders
  A shadow imp (D:5)
  2 oozes (D:2)
  An adder zombie (D:5)
  An adder skeleton (D:3)
  2 worms
  4 dart slugs
  4 leopard geckos
  5 orcs
  2 ball pythons
  8 goblins
  8 hobgoblins
  4 jackals (D:1)
  5 quokkas
  A bat (D:2)
  2 frilled lizards
  5 kobolds
  A leopard gecko skeleton (D:5)
  10 rats
83 creatures vanquished.

Notes
Turn   | Place    | Note
-------+----------+-------------------------------------------
     0 | D:1      | HerrDoktor the Gargoyle Fighter began the quest for the
                  | Orb.
     0 | D:1      | Reached XP level 1. HP: 14/14 MP: 1/1
    89 | D:1      | Reached XP level 2. HP: 16/19 MP: 2/2
   667 | D:2      | Reached XP level 3. HP: 23/23 MP: 3/3
  1283 | D:2      | Reached skill level 3 in Maces & Flails
  1342 | D:2      | Reached XP level 4. HP: 29/29 MP: 4/4
  1691 | D:3      | Noticed Jessica
  1714 | D:3      | Killed Jessica
  2377 | D:4      | Reached skill level 4 in Maces & Flails
  2377 | D:4      | Reached XP level 5. HP: 30/33 MP: 5/5
  3101 | D:5      | Entered Level 5 of the Dungeon
  3182 | D:5      | Reached XP level 6. HP: 29/38 MP: 6/6
  3227 | D:5      | Reached skill level 5 in Maces & Flails
  3492 | D:5      | Got a jet-encrusted ring mail
  3569 | D:5      | Found a bloodstained altar of Trog.
  3733 | D:5      | Noticed a phantom
  3807 | D:5      | Killed a phantom
  3807 | D:5      | Reached skill level 6 in Maces & Flails
  3807 | D:5      | Reached XP level 7. HP: 37/43 MP: 7/7
  4097 | D:5      | Identified the +0 ring mail of Qudiyric {Stlth+} (You found
                  | it on level 5 of the Dungeon)
  4242 | D:5      | Found a bloodstained altar of Trog.
  4242 | D:5      | Found a white marble altar of Elyvilon.
  4243 | D:5      | Found an ornate altar of the Wu Jian Council.
  4243 | D:5      | Found a glowing golden altar of the Shining One.
  4260 | D:5      | Became a worshipper of the Shining One
  4720 | D:6      | Slain by an orc warrior

Skill      XL: |  1  2  3  4  5  6 |
---------------+-------------------+-----
Maces & Flails | 3 4 6 |  6.5
Shields        | 4 |  4.8
Fighting       | 4 |  4.2
Armour         | 4 |  4.3

Action                   |  1- 3 |  4- 6 |  7- 9 || total
-------------------------+-------+-------+-------++-------
Melee: Flail             |   112 |   206 |    44 ||   362
Throw: Stone             |    14 |       |       ||    14
       Tomahawk          |     5 |     8 |     6 ||    19
  Use: Scroll            |     2 |     5 |     3 ||    10
       Potion            |       |     1 |       ||     1
  Eat: Chunk             |     1 |     4 |     4 ||     9
       Ration            |       |     1 |       ||     1
Armor: Scale mail        |    64 |    10 |       ||    74
       Plate armour      |       |    46 |       ||    46
       Ring mail         |       |    71 |    10 ||    81
Dodge: Dodged            |    35 |    52 |    18 ||   105
Block: Shield            |    54 |    89 |    21 ||   164
